 Dungeon Crawl Stone Soup version 0.21.1-1-g345015f (webtiles) character file.

3210 Ethylacetat the Carver (level 9, -5/75 HPs)
             Began as a Demonspawn Chaos Knight on June 15, 2018.
             Slain by a gnoll sergeant
             ... wielding a +0 trident
              (7 damage)
             ... on level 7 of the Dungeon.
             The game lasted 00:31:43 (7812 turns).

Ethylacetat the Carver (Demonspawn Chaos Knight)    Turns: 7812, Time: 00:31:45

Health: -5/75      AC:  5    Str: 22    XL:     9   Next: 65%
Magic:  0/9        EV: 11    Int: 19    God:
Gold:   410        SH:  0    Dex: 12    Spells: 8/8 levels left

rFire    . . .     SeeInvis .   a - +0 falchion (chaos)
rCold    + . .     Gourm    .   (no shield)
rNeg     . . .     Faith    .   v - +0 ring mail {rC+}
rPois    .         Spirit   +   (helmet restricted)
rElec    .         Reflect  .   (no cloak)
rCorr    .         Harm     .   (no gloves)
MR       .....                  (no boots)
Stlth    +.........             h - amulet of guardian spirit
HPRegen  0.22/turn              r - +2 ring of intelligence
MPRegen  0.11/turn              s - ring of wizardry

@: mighty
A: antennae 2, blurry vision 1, clever 1, spiny 1, strong 1, evolution 1, rot
immunity
a: no special abilities


You were on level 7 of the Dungeon.
You were very hungry.

You visited 1 branch of the dungeon, and saw 8 of its levels.
You also visited: Ossuary.

You collected 410 gold pieces.

Inventory:

Hand Weapons
 a - a +0 falchion of chaos (weapon)
 B - a +0 scimitar of electrocution
Missiles
 o - 30 poisoned needles
 t - a throwing net (quivered)
 u - 4 needles of confusion
Armour
 b - a +2 leather armour
 v - a +0 ring mail of cold resistance (worn)
Jewellery
 h - an amulet of guardian spirit (around neck)
 i - an uncursed ring of protection from fire
 r - a +2 ring of intelligence (left hand)
 s - a ring of wizardry (right hand)
Wands
 l - a wand of polymorph (18)
Scrolls
 d - 2 scrolls of magic mapping {unknown}
 e - 4 scrolls of remove curse {unknown}
 f - 5 scrolls of enchant weapon {unknown}
 k - 2 scrolls of fear {unknown}
 m - 7 scrolls of identify {unknown}
 p - 5 scrolls of blinking {unknown}
 x - a scroll of teleportation {unknown}
 y - a scroll of amnesia {unknown}
 z - 2 scrolls of enchant armour {unknown}
Potions
 g - 5 potions of curing
 j - 3 potions of flight
 n - 4 potions of brilliance
Comestibles
 c - 14 rations


   Skills:
 + Level 8.4 Fighting
 * Level 10.5 Long Blades
 - Level 1.7 Armour
 - Level 0.8 Dodging


You had 8 spell levels left.
You didn't know any spells.

Dungeon Overview and Level Annotations

Branches:
Dungeon (8/15)             Temple (0/1) D:5
   Lair: D:8-11

Altars:
Ashenzari
Cheibriados
Dithmenos
Elyvilon
Gozag
Kikubaaqudgha
Trog
Xom

Shops:
D:4 }   D:6 :


Innate Abilities, Weirdness & Mutations

You have a pair of antennae on your head.
You are partially covered in sharp spines.
You are immune to rotting.
Scrolls take you a little longer to read.
Your mind is acute. (Int +2)
Your muscles are strong. (Str +2)
You evolve.


Message History

The gnoll sergeant is struck by your spines.
The gnoll sergeant hits you but does no damage.
You climb upwards.
There is a stone staircase leading down here.
You barely miss the gnoll sergeant.
The gnoll sergeant is moderately wounded.
The gnoll sergeant hits you with a trident!
* * * LOW HITPOINT WARNING * * *
You feel very mighty all of a sudden.
The gnoll sergeant hits you with a trident!
* * * LOW HITPOINT WARNING * * *
The gnoll sergeant hits you with a trident!
* * * LOW HITPOINT WARNING * * *
You hit the gnoll sergeant but do no damage.
The gnoll sergeant is poisoned.
Your falchion of chaos feels numb with cold.
The gnoll sergeant is moderately wounded.
The gnoll sergeant is struck by your spines.
The gnoll sergeant hits you with a trident!
You die...

## .# #########
.############.......##
...............g@#...#
.##.....#####.#..<...#
.##.###.# ##.#......#
)##..<#.# #.........#
.######.####..##.....#
........#.........#+###
#########.######)#....#
#.#....(.)....#
######.#.####)#....#


You could see a gnoll sergeant (berserk).

Vanquished Creatures
  The ghost of emiel the Cudgeler, a novice OgWn (D:3)
  The ghost of Phong the Digger, a novice OpEE of Fedhas (D:4)
  Prince Ribbit (D:5)
  Sigmund (D:5)
  A steam dragon (D:5)
  An ice beast (D:5)
  2 orc warriors (D:7)
  An ogre (D:7)
  A sky beast (D:7)
  A crocodile (D:7)
  5 bullfrogs
  4 killer bees (D:8)
  A scorpion (D:5)
  A howler monkey (D:5)
  2 crimson imps (D:6)
  A centaur zombie (Ossuary)
  A quasit (D:4)
  2 gnoll shamans
  A hound (shapeshifter) (D:5)
  A jelly (D:6)
  An orc priest (D:7)
  A centaur skeleton (D:4)
  An orc wizard (D:7)
  2 human zombies (Ossuary)
  3 hounds
  A bullfrog skeleton (D:7)
  An iguana (D:7)
  2 worker ants
  2 big kobold zombies (Ossuary)
  A hound skeleton (D:4)
  2 mummies (Ossuary)
  A worker ant zombie (D:3)
  Robin (D:2)
  10 gnolls
  12 adders
  A worm (D:1)
  A dart slug (D:1)
  4 leopard geckos
  21 orcs
  A ball python (D:2)
  4 giant cockroaches
  14 goblins
  8 hobgoblins
  3 quokkas
  9 bats
  7 frilled lizards
  3 goblin zombies (Ossuary)
  14 hobgoblin zombies (Ossuary)
  A jackal skeleton (D:5)
  A jackal zombie (Ossuary)
  6 kobolds
  6 kobold zombies (Ossuary)
  7 orc zombies (Ossuary)
  A quokka skeleton (D:4)
  8 rats
  A rat zombie (Ossuary)
192 creatures vanquished.

Notes
Turn   | Place    | Note
-------+----------+-------------------------------------------
     0 | D:1      | Ethylacetat the Demonspawn Chaos Knight began the quest for the Orb.
     0 | D:1      | Reached XP level 1. HP: 18/18 MP: 1/1
     0 | D:1      | Fell from the grace of Xom
   227 | D:1      | Reached skill level 3 in Long Blades
   252 | D:1      | Gained mutation: You are partially covered in sharp spines. [demonic ancestry]
   252 | D:1      | Reached XP level 2. HP: 24/24 MP: 2/2
   557 | D:1      | XOM: summons 10 hostile demons
   558 | D:1      | Noticed a neqoxec
   558 | D:1      | Noticed a neqoxec
   558 | D:1      | Noticed a crimson imp
   558 | D:1      | Noticed a crimson imp
   558 | D:1      | Noticed a crimson imp
   558 | D:1      | Noticed a hellwing
   611 | D:2      | XOM: stat loss: -2 Str (10/12)
   693 | D:2      | Noticed Robin
   706 | D:2      | XOM: chaos upgrade
   708 | D:2      | Reached XP level 3. HP: 20/29 MP: 1/3
   760 | D:2      | Killed Robin
   808 | D:2      | Found a shadowy altar of Dithmenos.
   894 | D:2      | Reached skill level 4 in Long Blades
   894 | D:2      | Gained mutation: You are immune to rotting. [demonic ancestry]
   894 | D:2      | Reached XP level 4. HP: 30/37 MP: 1/4
   929 | D:2      | Found a shattered altar of Ashenzari.
  1182 | D:3      | Noticed emiel's ghost (novice OgWn)
  1554 | D:2      | Found a bloodstained altar of Trog.
  1623 | D:2      | XOM: medium Fire miscast
  1904 | D:3      | Gained mutation: You have a pair of small antennae on your head. [demonic ancestry]
  1904 | D:3      | Reached XP level 5. HP: 27/42 MP: 2/5
  2520 | D:3      | XOM: give mutations
  2520 | D:3      | Gained mutation: Scrolls take you a little longer to read. [Xom's mischief]
  2520 | D:3      | Gained mutation: Your body sometimes deteriorates upon taking damage. [Xom's mischief]
  2520 | D:3      | Gained mutation: You are partially covered in slimy green scales. (AC +2) [Xom's mischief]
  2635 | D:3      | XOM: mild Air miscast
  2678 | D:3      | Reached skill level 5 in Long Blades
  2720 | D:3      | Found an opulent altar of Gozag.
  2740 | D:3      | Found a white marble altar of Elyvilon.
  3210 | D:4      | Reached XP level 6. HP: 39/49 MP: 4/6
  3344 | D:4      | XOM: medium Hex miscast
  3469 | D:4      | XOM: mild Necr miscast
  3471 | D:4      | Found Keam's Gadget Boutique.
  3568 | D:4      | Noticed Phong's ghost (novice OpEE)
  3629 | D:4      | Killed Phong's ghost
  3629 | D:4      | Reached skill level 5 in Fighting
  3629 | D:4      | Reached skill level 6 in Long Blades
  3629 | D:4      | Reached XP level 7. HP: 5/56 MP: 0/7
  4016 | D:3      | Killed emiel's ghost
  4016 | D:3      | Reached skill level 7 in Long Blades
  4016 | D:3      | Gained mutation: You have a pair of antennae on your head. [demonic ancestry]
  4016 | D:3      | Reached XP level 8. HP: 50/64 MP: 4/8
  4126 | D:5      | Entered Level 5 of the Dungeon
  4138 | D:5      | Found a shimmering altar of Xom.
  4160 | D:5      | Became a worshipper of Xom of Chaos
  4161 | D:5      | Fell from the grace of Xom
  4162 | D:5      | Became a worshipper of Xom of Chaos
  4163 | D:5      | Fell from the grace of Xom
  4183 | D:5      | Noticed Sigmund
  4197 | D:5      | Found a sand-covered staircase.
  4206 | Ossuary  | Entered an ossuary
  4600 | D:5      | Reached skill level 8 in Long Blades
  4611 | D:5      | Killed Sigmund
  5139 | D:5      | Noticed Prince Ribbit
  5288 | D:5      | XOM: mild Summ miscast
  5296 | D:5      | Reached skill level 9 in Long Blades
  5558 | D:5      | Found a staircase to the Ecumenical Temple.
  5635 | D:5      | Killed Prince Ribbit
  5635 | D:5      | Reached XP level 9. HP: 28/72 MP: 3/9
  6027 | D:6      | Found Istrav's Book Emporium.
  6126 | D:6      | XOM: stat loss: -2 Str (13/15)
  6186 | D:6      | Found a snail-covered altar of Cheibriados.
  6595 | D:6      | Found an ancient bone altar of Kikubaaqudgha.
  6735 | D:6      | You fall through a shaft!
  6748 | D:7      | Lost mutation: Your body sometimes deteriorates upon taking damage. [potion of mutation]
  6748 | D:7      | Lost mutation: You are partially covered in slimy green scales. (AC +2) [potion of mutation]
  6748 | D:7      | Gained mutation: Your muscles are strong. (Str +2) [potion of mutation]
  6748 | D:7      | Gained mutation: You evolve. [potion of mutation]
  6748 | D:7      | Gained mutation: You possess an exceptional clarity of mind. [potion of mutation]
  7068 | D:7      | Reached skill level 10 in Long Blades
  7117 | D:7      | Lost mutation: You possess an exceptional clarity of mind. [evolution]
  7379 | D:7      | XOM: scenery: 2 doors close
  7588 | D:7      | XOM: give mutation
  7588 | D:7      | Gained mutation: Your mind is acute. (Int +2) [Xom's grace]
  7811 | D:7      | HP: 1/75 [gnoll sergeant/trident (10)]
  7812 | D:7      | Slain by a gnoll sergeant

Skill      XL: |  1  2  3  4  5  6  7  8  9 |
---------------+----------------------------+-----
Long Blades    | 3 4 5 6 7 9 10 | 10.5
Fighting       | 4 5 6 7 8 |  8.4
Armour         | |  1.7
Dodging        | |  0.8

Action                   |  1- 3 |  4- 6 |  7- 9 || total
-------------------------+-------+-------+-------++-------
Melee: Falchion          |    71 |   146 |   369 ||   586
Invok: Renounce Religion |     1 |       |     2 ||     3
Evoke: Wand              |       |     1 |       ||     1
  Use: Potion            |       |     7 |     7 ||    14
 Stab: Paralysed         |       |     3 |     1 ||     4
       Petrified         |       |       |     8 ||     8
  Eat: Chunk             |       |     8 |    10 ||    18
       Ration            |       |       |     1 ||     1
Armor: Leather armour    |    26 |    57 |    58 ||   141
       Skin              |       |    14 |    77 ||    91
       Ring mail         |       |       |     7 ||     7
Dodge: Dodged            |    53 |    79 |   125 ||   257
       Rpst.: Falchion   |    14 |    22 |    38 ||    74
